 Dungeon Crawl Stone Soup version 0.26-a0-648-g87339cca5e (webtiles) character file.

Game seed: 183407451434446464

133254 Gottschkopf the Impaler (level 16, -4/136 HPs)
             Began as a Minotaur Fighter on Sept 25, 2020.
             Was the Champion of Hepliaklqana.
             Slain by a jumping spider (13 damage)
             ... on level 3 of the Spider Nest.
             The game lasted 01:27:01 (26022 turns).

Gottschkopf the Impaler (Minotaur Fighter)         Turns: 26022, Time: 01:27:02

Health: -4/136     AC: 33    Str: 27    XL:     16   Next: 29%
Magic:  15/15      EV:  8    Int:  5    God:    Hepliaklqana [******]
Gold:   1432       SH:  0    Dex: 14    Spells: 15/15 levels left

rFire    . . .     SeeInvis .   a - +7 glaive (venom)
rCold    . . .     Faith    .   (shield currently unavailable)
rNeg     + . .     Spirit   .   M - +7 plate armour of Rolo {rN+ Dex+3}
rPois    +         Reflect  .   (helmet restricted)
rElec    .         Harm     .   D - +2 cloak {MR+}
rCorr    .         Rampage  .   i - +2 pair of gloves
MR       ++...     Clarity  +   Z - +2 pair of boots
Stlth    ..........             (no amulet)
HPRegen  0.32/turn              C - ring of Robustness {AC+8}
MPRegen  0.14/turn              J - ring of poison resistance

@: mighty, corroded
A: retaliatory headbutt, reduced essence, horns 2, clarity, MP-powered wands
}: 1/15 runes: decaying
a: Recall Ancestor, Ancestor Identity, Transference, Idealise, Renounce Religion


You were on level 3 of the Spider Nest.
You worshipped Hepliaklqana.
Hepliaklqana was exalted by your worship.
You visited 4 branches of the dungeon, and saw 26 of its levels.
You also visited: Bailey.

You collected 2331 gold pieces.
You spent 899 gold pieces at shops.

Inventory:

Hand Weapons
 a - a +7 glaive of venom (weapon)
 b - a +2 falchion of flaming
 Q - a +4 spear
Missiles
 t - 9 throwing nets (quivered)
Armour
 i - a +2 pair of gloves (worn)
 u - a +2 plate armour of cold resistance
 D - a +2 cloak of magic resistance (worn)
 M - the +7 plate armour of Rolo (worn) {rN+ Dex+3}
   (You found it in a bailey)

   It affects your dexterity (+3).
   It protects you from negative energy.
 Z - a +2 pair of boots (worn)
Jewellery
 c - an uncursed ring of positive energy {unknown}
 e - an uncursed ring of wizardry
 q - an uncursed ring of ice
 r - an uncursed ring of protection from magic
 s - a +4 ring of protection
 y - an uncursed ring of fire
 C - the ring of Robustness (left hand) {AC+8}
   (You found it on level 4 of the Lair of Beasts)

   [ring of protection]

   It affects your AC (+8).
 G - an uncursed ring of resist corrosion
 J - a ring of poison resistance (right hand)
 K - an uncursed ring of protection from magic
Wands
 A - a wand of digging (14)
 E - a wand of acid (9)
 H - a wand of disintegration (45)
 I - a wand of flame (49)
 T - a wand of polymorph (35)
 W - a wand of paralysis (4)
Scrolls
 h - 7 scrolls of magic mapping
 l - 3 scrolls of fear
 m - 12 scrolls of teleportation
 n - 3 scrolls of enchant armour
 x - 3 scrolls of fog
 z - 2 scrolls of blinking
 F - 2 scrolls of torment
 R - 6 scrolls of remove curse
 S - 5 scrolls of identify
 X - 2 scrolls of summoning
Potions
 d - 6 potions of might
 f - a potion of mutation
 j - 7 potions of curing
 k - 4 potions of invisibility
 p - 2 potions of stabbing
 v - a potion of berserk rage
 w - 4 potions of flight
 L - 2 potions of brilliance
 O - 2 potions of cancellation
 P - 3 potions of magic
 V - 2 potions of ambrosia
 Y - 2 potions of haste
Miscellaneous
 B - a phantom mirror


   Skills:
 + Level 16.4 Fighting
 - Level 6.7 Long Blades
   Level 2.4 Maces & Flails
 - Level 20.0 Polearms
 - Level 18.7 Armour
 - Level 6.7 Stealth
   Level 3.6 Shields


You had 15 spell levels left.
You didn't know any spells.
Your spell library contained the following spells:

 Spells                   Type           Power        Failure   Level
 Foxfire                  Conj/Fire      #...         95%         1
 Freeze                   Ice            #...         95%         1
 Magic Dart               Conj           #...         95%         1
 Summon Small Mammal      Summ           #...         95%         1
 Blink                    Tloc           N/A          99%         2
 Call Imp                 Summ           #.......     99%         2
 Poisonous Vapours        Pois/Air       #.....       99%         2
 Slow                     Hex            #.......     99%         2
 Conjure Flame            Conj/Fire      #.......     100%        3
 Frozen Ramparts          Ice            #.....       100%        3
 Inner Flame              Hex/Fire       #.......     100%        3
 Mephitic Cloud           Conj/Pois/Air  #.......     100%        3
 Ozocubu's Armour         Ice            #.......     100%        3
 Stone Arrow              Conj/Erth      #.....       100%        3
 Hailstorm                Conj/Ice       #.......     100%        4
 Sticky Flame             Conj/Fire      #.......     100%        4
 Summon Ice Beast         Ice/Summ       #.......     100%        4
 Summon Lightning Spire   Summ/Air       #.......     100%        4
 Fireball                 Conj/Fire      #.........   100%        5
 Silence                  Hex/Air        #.........   100%        5
 Summon Forest            Summ/Tloc      #.........   100%        5
 Conjure Ball Lightning   Conj/Air       #.........   100%        6
 Freezing Cloud           Conj/Ice/Air   #.........   100%        6
 Malign Gateway           Summ/Tloc      #.........   100%        7
 Spellforged Servitor     Conj/Summ      #.........   100%        7
 Tornado                  Air            #.........   100%        9


Dungeon Overview and Level Annotations

Branches:
Dungeon (13/15)            Temple (0/1) D:5            Lair (5/6) D:9
  Swamp (4/4) Lair:4       Spider (4/4) Lair:3        Slime (0/5) Lair:5
    Orc (0/2) D:12         Vaults (0/5) D:13         Bailey (visited)

Altars:
Ashenzari
Cheibriados
Dithmenos
Fedhas
Hepliaklqana
Kikubaaqudgha
Makhleb
Qazlal
Sif Muna
Trog
Uskayaw
Wu Jian
Zin
Jiyva

Shops:
D:6 (   D:8 :   D:10 =   D:12 [*

Annotations:
D:13 exclusion: oklob plant
Swamp:2 Donald
Swamp:3 Mara


Innate Abilities, Weirdness & Mutations

You reflexively headbutt those who attack you in melee.
You have a pair of horns on your head.
Your life essence is reduced to manifest your ancestor. (-10% HP)
You possess an exceptional clarity of mind.
You expend magic power (3 MP) to strengthen your wands.


Message History

Aim: an orb spider (fully charged)
You reach to attack!
You slash the orb spider!
The orb spider is poisoned.
The orb spider is lightly wounded.
Attack whom?
Press: ? - help, Dir - move target cursor, f/p - orb spider
Aim: an orb spider (lightly wounded, fully charged, very poisoned)
You reach to attack!
You slash the orb spider!
The orb spider is moderately wounded.
You closely miss the jumping spider.
Your headbutt misses the jumping spider.
The jumping spider pounces on you.
* * * LOW HITPOINT WARNING * * *
The jumping spider bites you but does no damage.
Attack whom?
Press: ? - help, Dir - move target cursor, f/p - orb spider
Aim: an orb spider (heavily wounded, fully charged, very poisoned)
You reach to attack!
You slice the orb spider!!
You kill the orb spider!
The jumping spider pounces on you!
You die...

## ### ###
##..#..##.##
#......#@s.#
.........†.##
..#.##.##.^#.#
##>.....#
#.....##
...###.#
..#^.. ... ##
.#.. ...!
.##... ..


You could see a jumping spider.

Vanquished Creatures
  Nikola (Spider:1)
  Asterion (Spider:1)
  Kirke (Lair:4)
  A thorn hunter (Swamp:4)
  3 entropy weavers
  Nessos (D:13)
  Snorg (D:10)
  A fire dragon (Swamp:4)
  Josephine (Lair:4)
  Harold (D:10)
  Fannar (D:12)
  8 vault guards
  A ghost crab (Swamp:4)
  18 hydras
  2 shambling mangroves
  7 alligators
  A two-headed ogre (D:13)
  A tengu warrior (D:10)
  Urug (Lair:2)
  Nergalle (Lair:2)
  3 unseen horrors
  7 swamp dragons
  3 lindwurms
  10 wolf spiders
  Pikel (D:7)
  2 orc knights (D:12)
  13 orb spiders
  3 elephants (Lair:4)
  A manticore (D:13)
  6 ugly things
  Maurice (D:9)
  A moth of wrath (Lair:3)
  A cyclops (D:12)
  2 black mambas (Lair:4)
  15 cane toads
  A torpor snail (Spider:3)
  A rime drake (Lair:3)
  2 komodo dragons
  9 demonic crawlers
  A kobold demonologist (D:11)
  2 trolls
  25 jumping spiders
  15 hornets
  2 bog bodies
  3 tyrant leeches
  4 dream sheep (Lair:5)
  4 hippogriffs
  10 blink frogs
  38 redbacks
  3 spriggans
  A shadow (Swamp:3)
  30 yaks
  16 tarantellas
  4 wraiths
  A basilisk (Lair:1)
  15 vampire mosquitoes
  10 swamp worms
  8 water moccasins
  9 porcupines
  13 swamp drakes
  3 black bears
  2 ice beasts
  6 ogres
  3 phantoms
  5 orc warriors
  2 sky beasts
  An eye of draining (D:12)
  11 wolves
  3 centaurs
  9 crocodiles
  A lemure (D:7)
  2 big kobolds (D:11)
  5 gnoll sergeants
  14 bullfrogs
  3 scorpions
  4 killer bees (D:12)
  17 wights
  A howler monkey (D:10)
  An electric eel (Lair:1)
  2 bullfrog zombies
  9 orc priests
  A quasit (D:10)
  3 jellies
  5 gnoll shamans (Bailey)
  9 hounds
  4 centaur skeletons
  9 orc wizards
  3 bullfrog skeletons
  Terence (D:2)
  4 iguanas
  Natasha (D:2)
  9 worker ants
  A hound zombie (D:7)
  13 gnolls
  13 adders
  2 shadow imps (D:10)
  5 white imps
  3 ufetubi
  9 oozes
  A dart slug (D:1)
  5 leopard geckos
  34 orcs
  2 ball pythons
  5 giant cockroaches
  6 goblins
  11 hobgoblins
  16 jackals
  14 kobolds
  3 quokkas
  6 bats
  2 frilled lizards
  A jackal skeleton (D:6)
  A leopard gecko skeleton (D:7)
  3 quokka skeletons
  A quokka zombie (D:6)
  11 rats
670 creatures vanquished.

Vanquished Creatures (collateral kills)
  A hydra (Lair:4)
  An alligator (Swamp:2)
  An ugly thing (D:12)
  An elephant (Lair:4)
  A torpor snail (Spider:1)
  A cane toad (Lair:3)
  A kobold demonologist (D:11)
  2 blink frogs
  A bog body (Swamp:1)
  A dream sheep (Lair:5)
  A hippogriff (Lair:1)
  3 redbacks
  A wraith (D:12)
  A shadow (Swamp:2)
  3 yaks (Lair:3)
  A vampire mosquito (Swamp:3)
  2 swamp worms
  2 swamp drakes
  A phantom (D:10)
  A big kobold (D:11)
  A gnoll sergeant (Bailey)
  2 bullfrog zombies
  A hound (Bailey)
  3 orc wizards
  A worker ant (D:12)
  2 adders
  3 gnolls
  An adder skeleton (D:6)
  10 orcs
  A giant cockroach (D:7)
  A jackal (D:5)
  A quokka (D:7)
  A frilled lizard (D:4)
55 creatures vanquished.

Vanquished Creatures (others)
  A jumping spider (Spider:2)
  4 humans (Lair:4)
  35 hexers
  2 orcs (D:10)
  5 fungi
  11 plants
58 creatures vanquished.

Grand Total: 783 creatures vanquished

Notes
Turn   | Place    | Note
-------+----------+-------------------------------------------
     0 | D:1      | Gottschkopf the Minotaur Fighter began the quest for the
                  | Orb.
     0 | D:1      | Reached XP level 1. HP: 19/19 MP: 0/0
   110 | D:1      | Reached XP level 2. HP: 28/28 MP: 1/1
   256 | D:1      | Reached skill level 5 in Fighting
   266 | D:1      | Reached XP level 3. HP: 14/36 MP: 2/2
  1022 | D:2      | Noticed Terence
  1037 | D:2      | Killed Terence
  1037 | D:2      | Reached XP level 4. HP: 18/44 MP: 3/3
  1243 | D:2      | Found a burning altar of Makhleb.
  1243 | D:2      | Noticed a green death
  1244 | D:2      | Found a glowing silver altar of Zin.
  1244 | D:2      | Noticed an angel
  1281 | D:2      | Found a hazy altar of Hepliaklqana.
  1289 | D:2      | Became a worshipper of Hepliaklqana the Forgotten
  1370 | D:2      | Found a snail-covered altar of Cheibriados.
  1457 | D:2      | Reached skill level 1 in Polearms
  1842 | D:2      | Noticed Natasha
  1846 | D:2      | Killed Natasha
  1846 | D:2      | Reached skill level 2 in Polearms
  1846 | D:2      | Reached XP level 5. HP: 41/45 MP: 4/4
  1880 | D:2      | Found an ornate altar of the Wu Jian Council.
  2000 | D:3      | Reached * piety under Hepliaklqana
  3100 | D:4      | Reached XP level 6. HP: 54/54 MP: 5/5
  3423 | D:5      | Entered Level 5 of the Dungeon
  3566 | D:5      | Found a staircase to the Ecumenical Temple.
  3589 | D:5      | Reached ** piety under Hepliaklqana
  3660 | D:5      | Found a hide-covered altar of Uskayaw.
  3673 | D:5      | Found a stormy altar of Qazlal.
  3673 | D:5      | Found an ancient bone altar of Kikubaaqudgha.
  3673 | D:5      | Found a shadowy altar of Dithmenos.
  3689 | D:5      | Reached XP level 7. HP: 63/63 MP: 6/6
  3798 | D:5      | Found a bloodstained altar of Trog.
  4237 | D:6      | Reached skill level 10 in Fighting
  4455 | D:6      | Reached XP level 8. HP: 73/73 MP: 7/7
  4764 | D:6      | Remembered your ancestor Ælfthryth as a hexer
  4802 | D:6      | Reached skill level 5 in Armour
  4829 | D:6      | Found Deucogaoss's Weapon Boutique.
  4832 | D:6      | Bought a +2 falchion of flaming for 243 gold pieces
  4999 | D:6      | Reached *** piety under Hepliaklqana
  5560 | D:7      | Noticed Pikel
  5581 | D:7      | Killed Pikel
  5581 | D:7      | Reached XP level 9. HP: 80/80 MP: 8/8
  5984 | D:7      | Reached skill level 10 in Armour
  6205 | D:8      | Found a flagged portal.
  6229 | Bailey   | Entered a bailey
  6729 | Bailey   | Got a faintly glowing plate armour
  6740 | Bailey   | Identified the +7 plate armour of Rolo {rN+ Dex+3} (You
                  | found it in a bailey)
  6998 | D:8      | Found Zikh's Book Emporium.
  7230 | D:8      | Reached XP level 10. HP: 81/86 MP: 9/9
  7256 | D:8      | Paralysed by a hornet for 1 turns
  7356 | D:8      | Reached skill level 3 in Polearms
  8031 | D:9      | Reached skill level 4 in Polearms
  8041 | D:9      | Noticed Maurice
  8047 | D:9      | Killed Maurice
  8047 | D:9      | Reached skill level 5 in Polearms
  8122 | D:9      | Reached skill level 6 in Polearms
  8139 | D:9      | Noticed a two-headed ogre
  8143 | D:9      | Banished a two-headed ogre
  8143 | D:9      | Reached skill level 7 in Polearms
  8150 | D:9      | Reached skill level 8 in Polearms
  8351 | D:9      | Reached **** piety under Hepliaklqana
  8682 | D:9      | Reached skill level 9 in Polearms
  8774 | D:9      | Found a broken altar of Ashenzari.
  8932 | D:9      | Found a shimmering blue altar of Sif Muna.
  8974 | D:9      | Identified the Collected Works on the Icy Rocks
  8977 | D:9      | Found a staircase to the Lair.
  9119 | D:10     | Entered Level 10 of the Dungeon
  9197 | D:10     | Found Puiv's Jewellery Shop.
  9197 | D:10     | Noticed Harold
  9199 | D:10     | Noticed a tengu warrior
  9200 | D:10     | Noticed Snorg
  9203 | D:10     | Killed Harold
  9203 | D:10     | Reached skill level 10 in Polearms
  9203 | D:10     | Reached XP level 11. HP: 79/91 MP: 10/10
  9214 | D:10     | Killed a tengu warrior
  9229 | D:10     | Killed Snorg
  9229 | D:10     | Reached skill level 11 in Polearms
  9240 | D:10     | Killed an unseen horror
  9293 | D:10     | Bought a cursed amulet of inaccuracy for 28 gold pieces
  9293 | D:10     | Bought a cursed ring of teleportation for 63 gold pieces
  9439 | D:10     | Reached skill level 12 in Polearms
  9560 | D:10     | Noticed a six-headed hydra
  9572 | D:10     | Killed a nine-headed hydra
  9572 | D:10     | Reached skill level 13 in Polearms
 10278 | D:11     | Identified the Collected Works on Slavery
 10490 | D:11     | Reached ***** piety under Hepliaklqana
 10592 | D:11     | Reached skill level 14 in Polearms
 11055 | D:12     | Noticed an orc knight
 11056 | D:12     | Noticed Fannar
 11058 | D:12     | Reached XP level 12. HP: 78/99 MP: 11/11
 11069 | D:12     | Reached skill level 15 in Polearms
 11077 | D:12     | Killed Fannar
 11243 | D:12     | Found a staircase to the Orcish Mines.
 11243 | D:12     | Found Acukeron's Armour Boutique.
 11559 | D:12     | Found Vemiace's Assorted Antiques.
 11567 | D:12     | Bought a scroll of enchant armour for 285 gold pieces
 11718 | D:12     | Reached skill level 16 in Polearms
 11739 | D:13     | Found a gate to the Vaults.
 11739 | D:13     | Noticed a vault guard
 11739 | D:13     | Noticed a vault guard
 11739 | D:13     | Noticed a vault guard
 11739 | D:13     | Noticed a vault guard
 11739 | D:13     | Noticed a vault guard
 11739 | D:13     | Noticed a vault guard
 11739 | D:13     | Noticed a vault guard
 11739 | D:13     | Noticed a vault guard
 11750 | D:12     | Killed a vault guard
 11818 | D:12     | Killed a vault guard
 11887 | D:12     | Killed a vault guard
 11906 | D:12     | Killed a vault guard
 11906 | D:12     | Reached skill level 17 in Polearms
 12193 | D:12     | Killed a vault guard
 12201 | D:12     | Killed a vault guard
 12239 | D:13     | Killed a vault guard
 12245 | D:13     | Killed a vault guard
 12408 | D:13     | Found a blossoming altar of Fedhas.
 12529 | D:13     | Noticed a four-headed hydra
 12536 | D:13     | Killed a seven-headed hydra
 12536 | D:13     | Reached skill level 18 in Polearms
 12577 | D:13     | Noticed Nessos
 12597 | D:13     | Killed Nessos
 12924 | D:13     | Reached XP level 13. HP: 99/104 MP: 12/12
 12942 | D:13     | Found a stormy altar of Qazlal.
 13525 | Lair:1   | Entered Level 1 of the Lair of Beasts
 13815 | Lair:1   | Reached skill level 19 in Polearms
 14565 | Lair:2   | Noticed Nergalle
 14578 | Lair:2   | Killed Nergalle
 14930 | Lair:2   | Noticed Urug
 14944 | Lair:2   | Killed Urug
 15352 | Lair:3   | Reached ****** piety under Hepliaklqana
 15492 | Lair:3   | Gained mutation: You possess an exceptional clarity of
                  | mind. [potion of mutation]
 15492 | Lair:3   | Gained mutation: You expend magic power (3 MP) to
                  | strengthen your wands. [potion of mutation]
 15747 | Lair:3   | Found a hole to the Spider Nest.
 15751 | Lair:3   | Reached skill level 20 in Polearms
 16541 | Lair:4   | Found the ring of Robustness {AC+8}
 16587 | Lair:4   | Noticed Kirke
 16595 | Lair:4   | Killed Kirke
 16752 | Lair:4   | Reached skill level 15 in Armour
 17059 | Lair:4   | Reached XP level 14. HP: 95/111 MP: 13/13
 17281 | Lair:4   | Noticed Josephine
 17314 | Lair:4   | Killed Josephine
 17464 | Lair:4   | Found a staircase to the Swamp.
 17764 | Lair:5   | Found a runed translucent door.
 17764 | Lair:5   | Found a viscous altar of Jiyva.
 17764 | Lair:5   | Found a staircase to the Slime Pits.
 18429 | Swamp:1  | Entered Level 1 of the Swamp
 18679 | Swamp:1  | You fall into a shaft and drop 1 floor!
 19467 | D:10     | Bought an uncursed ring of poison resistance for 280 gold
                  | pieces
 19744 | Swamp:4  | Entered Level 4 of the Swamp
 20042 | Swamp:3  | Identified the +0 kite shield of Waofobydd {MR+ Dex+2}
 20042 | Swamp:3  | Noticed Donald
 20046 | Swamp:3  | Noticed Mara
 21290 | Swamp:4  | Reached XP level 15. HP: 91/120 MP: 14/14
 21962 | Swamp:3  | Reached skill level 1 in Long Blades
 22385 | Swamp:4  | Reached skill level 5 in Long Blades
 22438 | Swamp:4  | Noticed a thorn hunter
 22450 | Swamp:4  | Killed a thorn hunter
 22724 | Swamp:4  | Reached skill level 1 in Stealth
 22730 | Swamp:4  | Got a decaying rune of Zot
 22992 | Spider:1 | Entered Level 1 of the Spider Nest
 22992 | Spider:1 | Noticed Nikola
 23012 | Spider:1 | Killed Nikola
 23665 | Spider:1 | Noticed Asterion
 23683 | Spider:1 | Killed Asterion
 23924 | Spider:1 | Reached skill level 5 in Stealth
 24025 | Spider:1 | Reached skill level 15 in Fighting
 25461 | Spider:2 | Reached XP level 16. HP: 134/134 MP: 15/15
 25623 | Spider:4 | Entered Level 4 of the Spider Nest
 26022 | Spider:3 | Slain by a jumping spider

Illustrated notes

Levels and vault maps discovered:
D:1:      mrwooster_arrival_statue_2, layout_basic, st_stairs_12
D:2:      minmay_door_path, layout_basic,
          grunt_temple_overflow_order_and_chaos_2, marbit_many_paths,
          overflow_temple_1_default, lemuel_statue_altar, uniq_terence,
          uniq_natasha
D:3:      layout_loops_ring, chequers_serial_rivers_micro_b, minmay_puff
D:4:      layout_rooms
D:5:      layout_loops_ring, chequers_temple_overflow_statue_of_worship,
          nicolae_overflow_hidden_temple, minmay_temple_entry_purple_smoke
D:6:      layout_loops_corners, serial_shops, kennysheep_mini, st_stairs_10
D:7:      layout_basic, minmay_microvault, uniq_pikel
D:8:      cheibrodos_fzero, layout_basic, serial_shops, shop_statue,
          enter_bailey_6, glass_columns_b
D:9:      layout_basic, led_sif_book, cheibrodos_ashenzari_chains, uniq_maurice
D:10:     layout_loops_ring, serial_shops, shop, lemuel_old_faithful,
          uniq_snorg, uniq_harold
D:11:     layout_roguey
D:12:     layout_rooms, orc_david_3, serial_shops, nicolae_shop_crystal,
          uniq_fannar
D:13:     layout_irregular_city, erik_vaults_2, basic_altar, tgw_fedhas,
          uniq_nessos
Lair:1:   layout_misc_corridors, serial_bayou_shore_a
Lair:2:   layout_long_grid, uniq_urug, uniq_nergalle
Lair:3:   wander_river, layout_regular_city, spider_nest_entry_webs
Lair:4:   layout_big_grid, palyth_hydra_swamp_entry, uniq_kirke, uniq_josephine
Lair:5:   layout_regular_city, slime_altar_2
Swamp:1:  layout_basic_swamp, evilmike_swamp_ruin_house_6, swamp_pool5
Swamp:2:  layout_basic_swamp, evilmike_swamp_ruin_house_4
Swamp:3:  layout_basic_swamp, evilmike_swamp_ruin_house_1, uniq_donald,
          uniq_mara
Swamp:4:  swamp_alternative, layout_basic_swamp, swamp_pool1
Spider:1: layout_spider_delve, drop_trap, uniq_nikola, uniq_asterion
Spider:2: layout_spider_delve, nicolae_orb_stairs
Spider:3: layout_spider_delve, gammafunk_ghost_cemetery, uniq_arachne
Spider:4: guppyfry_spider_rune

Skill      XL: |  1  2  3  4  5  6  7  8  9 10 11 12 13 14 15 16 |
---------------+-------------------------------------------------+-----
Fighting       | 4 5 6 7 9 11 12 15 16 | 16.4
Polearms       | 2 10 14 18 20 | 20.0
Armour         | 9 13 15 18 | 18.7
Long Blades    | 6 |  6.7
Stealth        | 5 6 |  6.7
Maces & Flails | |  2.4
Shields        | |  3.6

Action                   |  1- 3 |  4- 6 |  7- 9 | 10-12 | 13-15 | 16-18 || total
-------------------------+-------+-------+-------+-------+-------+-------++-------
Melee: Flail             |    92 |    20 |       |       |       |       ||   112
       Headbutt          |    20 |    18 |    38 |    79 |   222 |    23 ||   400
       Spear             |       |   152 |   314 |   114 |       |       ||   580
       Glaive            |       |       |       |   397 |  1029 |   130 ||  1556
       Falchion          |       |       |       |       |    18 |       ||    18
Invok: Ancestor Life: He |       |       |     1 |       |       |       ||     1
       Recall Ancestor   |       |       |       |     2 |     6 |     1 ||     9
  Use: Scroll            |       |       |    10 |    15 |    10 |     2 ||    37
       Potion            |       |       |       |       |     6 |     3 ||     9
 Stab: Confused          |       |       |     3 |     4 |     8 |     1 ||    16
       Distracted        |       |       |     1 |     4 |    11 |       ||    16
       Held in net/web   |       |       |       |       |     2 |       ||     2
       Paralysed         |       |       |       |       |     8 |     2 ||    10
Armor: Scale mail        |     5 |       |       |       |       |       ||     5
       Chain mail        |    86 |    30 |       |       |       |       ||   116
       Plate armour      |       |    11 |   138 |   316 |  1157 |   121 ||  1743
Dodge: Dodged            |    34 |    25 |    32 |   112 |   469 |    36 ||   708
Block: Kite shield       |    58 |    44 |    85 |    39 |       |       ||   226
       Rpst.: Falchion   |       |       |       |       |     2 |       ||     2

Table legend: (Time is in decaauts)
 A = Elapsed time spent in this place.
 B = Non-inter-level travel time spent in this place.
 C = Inter-level travel time spent in this place.
 D = Time resting spent in this place.
 E = Time spent auto-exploring this place.
 F = Levels seen in this place.
 G = Mean time per level.
                   A        B        C        D        E       F      G
               +--------+--------+--------+--------+--------+-----+--------+
         Total |  25890 |  24429 |   1461 |   4939 |  14853 |  27 |  958.9 |
       Dungeon |  12935 |  12165 |    770 |    231 |   9663 |  13 |  995.0 |
          Lair |   5552 |   5060 |    492 |    398 |   4047 |   5 | 1110.4 |
         Swamp |   4104 |   3942 |    162 |   2491 |    524 |   4 | 1026.0 |
   Spider Nest |   2551 |   2515 |     36 |   1722 |    208 |   4 |  637.8 |
        Bailey |    747 |    747 |      0 |     97 |    410 |   1 |  747.0 |
               +--------+--------+--------+--------+--------+-----+--------+

Top non-repeatable levels by time:
Spider:1: 1993 daAuts
  Lair:3: 1712 daAuts
 Swamp:4: 1441 daAuts
  Lair:4: 1312 daAuts
    D:12: 1289 daAuts
 Swamp:2: 1264 daAuts
    D:13: 1211 daAuts
     D:8: 1143 daAuts
     D:7: 1132 daAuts
  Lair:2: 1105 daAuts
     D:9: 1017 daAuts
     D:1: 1009 daAuts
    D:10: 993 daAuts
     D:2: 956 daAuts
     D:6: 951 daAuts
